 Dungeon Crawl Stone Soup version 0.13-a0-3016-gcb2faac (webtiles) character file.

118 KrispenWah the Practitioner (level 2, 23/23 HPs)
             Began as a Djinni Healer on Sept 13, 2013.
             Was a Believer of Elyvilon.
             Got out of the dungeon alive.
             The game lasted 00:03:41 (1022 turns).

KrispenWah the Practitioner (Djinni Healer)         Turns: 1022, Time: 00:03:41

HP  23/23        AC  3     Str 12      XL: 2   Next: 48%
MP   0/0         EV 12     Int 12      God: Elyvilon [**....]
Gold 100         SH  0     Dex 12      Spells:  0 memorised,  1 level left

Res.Fire  : + + +   See Invis. : .   i - +1,+0 dagger (speed)
Res.Cold  : x . .   Warding    : .   a - +1 robe
Life Prot.: + + +   Conserve   : .   (no shield)
Res.Poison: .       Res.Corr.  : .   (no helmet)
Res.Elec. : .       Clarity    : .   (no cloak)
Sust.Abil.: . .     Spirit.Shd : .   (no gloves)
Res.Mut.  : .       Stasis     : .   (boots unavailable)
Res.Rott. : .       Flight     : .   (no amulet)
Saprovore : . . .                    (no ring)
                                     (no ring)

@: very slightly contaminated, not resistant to hostile enchantments, unstealthy
A: fire immunity, cold vulnerability, life protection 3
a: Lesser Healing, Lesser Self-Healing, Divine Protection, Purification,
Renounce Religion


You escaped.
You worshipped Elyvilon.
Elyvilon was most pleased with you.
You were not hungry.

You visited 1 branch of the dungeon, and saw 2 of its levels.

Inventory:

Hand weapons
 h - a +1,+0 dwarven mace
 i - a +1,+0 dagger of speed (weapon)
Missiles
 e - 16 stones (quivered)
Armour
 a - a +1 robe (worn)
Scrolls
 f - a scroll of noise {unknown}
 j - a scroll of recharging {unknown}
 k - a scroll of identify {unknown}
 l - a scroll of magic mapping {unknown}
 m - a scroll of amnesia {unknown}
Potions
 b - a potion of curing
 c - 2 potions of heal wounds
 d - a potion of invisibility {unknown}
 g - a potion of beneficial mutation {unknown}


   Skills:
 + Level 1.8 Fighting
 + Level 1.9 Dodging
 + Level 4.7 Invocations


You had one spell level left.
You didn't know any spells.

Dungeon Overview and Level Annotations

Branches:
Dungeon (2/27)

Altars:
Nemelex Xobeh


Innate Abilities, Weirdness & Mutations

You are immune to all types of fire, even holy and hellish.
You are vulnerable to cold.
You need no food.
You have no legs.
You are immune to negative energy.


Message History

You hit the giant cockroach.
The giant cockroach is moderately wounded.
The giant cockroach bites you.
You hit the giant cockroach but do no damage.
The giant cockroach is moderately wounded.
The giant cockroach barely misses you.
You hit the giant cockroach.
The giant cockroach is severely wounded.
You barely miss the giant cockroach.
The giant cockroach is severely wounded.
The giant cockroach bites you.
You hit the giant cockroach.
You kill the giant cockroach!
You see here a giant cockroach corpse.
There is an open door here.
EP restored.
There is an open door here.
There is a staircase leading out of the dungeon here.
Are you sure you want to leave the Dungeon?
This will make you lose the game!
You have escaped!

#.####..##### # ####
#.###.......# # ...#
####.##.....##.##### #
##.###......#########...##### #
#...........#########.......#
#..##........'.....####.###.#
#..###......##.....####.# #.#
...#####'#####.....##...# #.#
....# #.....##..@..###### #.#
...(###..8..##.....# ####.#
.....##.....######## ##.##.#
......#################...#.#####
.........'.........'.............
#.#...####.........##.........###
#.##.## ##.......###.##......#
#.##### ##.....## #.###.#.#.#
......# ##...## #.# #.###.#


There were no monsters in sight!

Vanquished Creatures
  A giant cockroach (D:1)
1 creature vanquished.

Vanquished Creatures (others)
  A bat (D:1)
  A hobgoblin (D:1)
2 creatures vanquished.

Grand Total: 3 creatures vanquished

Notes
Turn   | Place    | Note
--------------------------------------------------------------
     0 | D:1      | KrispenWah, the Djinni Healer, began the quest for the Orb.
     0 | D:1      | Reached XP level 1. HP: 16/16 MP: 0/0
   405 | D:1      | Reached XP level 2. EP: 17/23
   410 | D:1      | Found a sparkling altar of Nemelex Xobeh.
  1022 | D:$      | Got out of the dungeon alive.

Action                   || total
-------------------------++-------
Melee: Dagger            ||     8
Invok: Lesser Healing    ||    33
